 Dungeon Crawl Stone Soup version 0.21.1 (webtiles) character file.

47 JeffiDaFish the Magician (level 3, -3/24 HPs)
             Began as a Mummy Wizard on Feb 3, 2018.
             Slain by a hobgoblin
             ... wielding a +0 trident
              (9 damage)
             ... on level 2 of the Dungeon.
             The game lasted 00:06:41 (2009 turns).

JeffiDaFish the Magician (Mummy Wizard)             Turns: 2009, Time: 00:06:41

Health: -3/24      AC:  3    Str: 10    XL:     3   Next: 48%
Magic:  1/9        EV: 12    Int: 18    God:
Gold:   22         SH:  0    Dex: 10    Spells: 6/11 levels left

rFire    x . .     SeeInvis .   d - +0 spear
rCold    + . .     Gourm    .   (no shield)
rNeg     + + +     Faith    .   a - +0 robe
rPois    ∞         Spirit   .   b - +1 hat
rElec    .         Reflect  .   (no cloak)
rCorr    .         Harm     .   (no gloves)
MR       .....                  (no boots)
Stlth    ++........             (no amulet)
HPRegen  0.08/turn              (no ring)
MPRegen  0.11/turn              (no ring)

@: no status effects
A: no food or potions, fire vulnerability, cold resistance 1, negative energy
resistance 3, torment resistance, unbreathing
a: no special abilities


You were on level 2 of the Dungeon.
You were not hungry.

You visited 1 branch of the dungeon, and saw 2 of its levels.

You collected 22 gold pieces.

Inventory:

Hand Weapons
 d - a +0 spear (weapon)
Armour
 a - a +0 robe (worn)
 b - a +1 hat (worn)
Scrolls
 e - a scroll of identify
Books
 c - a book of Minor Magic

   Spells                             Type                      Level
   a - Magic Dart                     Conjuration                  1
   b - Blink                          Translocation                2
   c - Call Imp                       Summoning                    2
   d - Slow                           Hexes                        2
   e - Conjure Flame                  Conjuration/Fire             3
   f - Mephitic Cloud                 Conjuration/Poison/Air       3


   Skills:
 * Level 2.1 Dodging
 + Level 1.9 Stealth
 * Level 4.8 Spellcasting
 + Level 1.0 Conjurations
 + Level 0.4 Hexes
   Level 0.7 Summonings
 + Level 0.9 Translocations


You had 6 spell levels left.
You knew the following spells:

 Your Spells              Type           Power        Failure   Level  Hunger
a - Magic Dart            Conj           #...         9%          1    N/A
b - Slow                  Hex            #.......     17%         2    N/A
c - Blink                 Tloc           N/A          14%         2    N/A

Dungeon Overview and Level Annotations

Branches:
Dungeon (2/15)

Altars:


Innate Abilities, Weirdness & Mutations

You do not eat or drink.
Your flesh is vulnerable to fire.
You are immune to poison.
Your flesh is cold resistant. (rC+)
You are immune to negative energy. (rN+++)
You are immune to unholy pain and torment.
You can survive without breathing.


Message History

Casting: Magic Dart
Confirm with . or Enter, or press ? or * to list all spells.
You don't have enough magic to cast that spell.
Casting: Magic Dart
Confirm with . or Enter, or press ? or * to list all spells.
Aiming: Magic Dart
Press: ? - help, Shift-Dir - straight line, f - hobgoblin
Aim: a hobgoblin, wielding a trident and wearing a leather armour The magic dart hits the hobgoblin.
The hobgoblin is heavily wounded.
The hobgoblin barely misses you.
The hobgoblin drinks a potion.
The hobgoblin seems to grow stronger.
You barely miss the hobgoblin.
The hobgoblin is heavily wounded.
The hobgoblin hits you with a trident.
* * * LOW HITPOINT WARNING * * *
You hit the hobgoblin but do no damage.
The hobgoblin is heavily wounded.
The hobgoblin hits you with a trident!
You die...

.. .!. .... ..#
....# ...## .....+
..... ....#. .....?
####...###$.....
...###....[.....
.....#?..# ##
#...@†# ..###
##..g.######....#
#.......%......#
#..............#
#)....#...........#
?.....#...)<#+#
.....##.###.#
###..#..# ###
..##.##


You could see a hobgoblin.

Vanquished Creatures
  An adder (D:1)
  A gnoll (D:1)
  A worm (D:2)
  3 giant cockroaches
  3 goblins (D:1)
  6 hobgoblins
  A ball python (D:1)
  2 bats (D:1)
  2 frilled lizards (D:1)
  2 kobolds (D:1)
  4 rats
26 creatures vanquished.

Notes
Turn   | Place    | Note
-------+----------+-------------------------------------------
     0 | D:1      | JeffiDaFish the Mummy Wizard began the quest for the Orb.
     0 | D:1      | Reached XP level 1. HP: 13/13 MP: 5/5
   274 | D:1      | Reached XP level 2. HP: 18/19 MP: 3/7
   283 | D:1      | Learned a level 2 spell: Slow
   453 | D:1      | Reached skill level 1 in Conjurations
  1242 | D:1      | Learned a level 2 spell: Blink
  1407 | D:1      | Reached XP level 3. HP: 19/24 MP: 6/9
  2009 | D:2      | Slain by a hobgoblin

Skill      XL: |  1  2 |
---------------+-------+-----
Conjurations   | 1 |  1.0
Dodging        | 2 |  2.1
Stealth        | |  1.9
Spellcasting   | |  4.8
Hexes          | |  0.4
Summonings     | |  0.7
Translocations | |  0.9

Action                   || total
-------------------------++-------
Melee: Spear             ||    72
       Unarmed           ||     1
 Cast: Magic Dart        ||    41
       Slow              ||    14
       Blink             ||     1
  Use: Scroll            ||     3
 Stab: Sleeping          ||     1
Armor: Robe              ||    14
Dodge: Dodged            ||    58
